 Dungeon Crawl Stone Soup version 0.30-a0-46-g5a63ccc183 (webtiles) character file.

Game seed: 17003190583557032704

6705 Newt the Carver (level 10, -4/76 HPs)
             Began as a Demonspawn Gladiator on Sept 1, 2022.
             Was an Initiate of Gozag.
             Slain by an orc warrior
             ... wielding a +0 war axe
              (12 damage)
             ... in a bailey.
             The game lasted 00:15:10 (9278 turns).

Newt the Carver (Demonspawn Gladiator)              Turns: 9278, Time: 00:15:11

Health: -4/76      AC:  9    Str: 22    XL:     10   Next: 74%
Magic:  10/10      EV: 14    Int:  9    God:    Gozag
Gold:   356        SH: 17    Dex: 20    Spells: 9/9 levels left

rFire   . . .      SeeInvis .    J - +4 falchion
rCold   + . .      Faith    .    L - +0 kite shield
rNeg    . . .      Spirit   .    w - +0 scale mail
rPois   .          Reflect  .    (helmet restricted)
rElec   .          Harm     .    u - +0 cloak
rCorr   .          Rampage  .    K - +0 pair of gloves
Will    .....                    (no boots)
Stlth   +.........               m - amulet of regeneration
HPRegen 1.02/turn                H - +4 ring of evasion
MPRegen 0.12/turn                q - +6 ring of dexterity

@: gold aura, unable to read
A: antennae 2, large bone plates 2, foul stench 2, spiny 2, cold resistance 1,
strong 1, inability to read after injury 1
a: Renounce Religion, Potion Petition, Call Merchant, Bribe Branch


You were in a bailey.
You worshipped Gozag.
Gozag was aware of your devotion.
You visited 2 branches of the dungeon, and saw 11 of its levels.
You also visited: Bailey.

You collected 1082 gold pieces.
You spent 588 gold pieces at shops.
You paid 138 gold pieces to Gozag.

Inventory:

Hand Weapons
 a - a +0 rapier
 n - a +4 scimitar
 x - a +0 falchion
 y - a +2 short sword of speed
 I - a +2 great sword
 J - a +4 falchion (weapon)
Missiles
 d - 2 throwing nets
 h - 46 poisoned darts (quivered)
 F - a javelin
 O - 14 boomerangs
 Q - 4 atropa-tipped darts
Armour
 b - a +0 leather armour
 c - a +0 helmet
 u - a +0 cloak (worn)
 w - a +0 scale mail (worn)
 K - a +0 pair of gloves (worn)
 L - a +0 kite shield (worn)
Jewellery
 m - an amulet of regeneration (around neck)
 p - a ring of poison resistance
 q - a +6 ring of dexterity (right hand)
 v - a ring of resist corrosion
 G - a ring of positive energy
 H - a +4 ring of evasion (left hand)
Wands
 C - a wand of polymorph (13)
 E - a wand of charming (8)
Scrolls
 j - 6 scrolls of teleportation
 l - a scroll of blinking
 o - 3 scrolls of magic mapping
 r - 2 scrolls of poison
 N - a scroll of amnesia
Potions
 e - 2 potions of mutation
 f - a potion of degeneration
 g - 5 potions of curing
 i - 3 potions of ambrosia
 k - a potion of lignification
 s - a potion of might
 t - a potion of haste
 z - a potion of cancellation
 A - 2 potions of attraction
 B - 2 potions of berserk rage {unknown}
 D - a potion of heal wounds {unknown}
 P - a potion of resistance {unknown}
Miscellaneous
 M - a box of beasts (inert)


   Skills:
 + Level 6.1 Fighting
 - Level 2.6(6.7) Short Blades
 - Level 9.8(10.0) Long Blades
 - Level 5.0 Throwing
 - Level 4.0 Armour
 - Level 2.6 Dodging
 - Level 2.0 Stealth
 - Level 6.0 Shields
 - Level 5.0 Evocations


You had 9 spell levels left.
You didn't know any spells.
Your spell library contained the following spells:

 Spells                   Type           Power      Damage    Failure   Level
 Apportation              Tloc           0%         N/A       96%         1
 Magic Dart               Conj           0%         1d3       96%         1
 Necrotise                Necr           0%         1d4       96%         1
 Summon Small Mammal      Summ           0%         N/A       96%         1
 Searing Ray              Conj           0%         2d4       99%         2
 Stone Arrow              Conj/Erth      0%         3d7       100%        3
 Animate Armour           Summ/Erth      0%         N/A       100%        4
 Fulminant Prism          Conj/Hex       0%         3d6       100%        4
 Hailstorm                Conj/Ice       0%         3d3       100%        4
 Ice Form                 Ice/Tmut       0%         N/A       100%        4
 Lehudib's Crystal Spear  Conj/Erth      0%         10d2      100%        8
 Simulacrum               Ice/Necr       Unusable   N/A       N/A         6

Dungeon Overview and Level Annotations

Branches:
Dungeon (10/15)            Temple (1/1) D:7            Lair (0/5) D:8
    Orc (0/2) D:10         Bailey (1/1)

Altars:
Ashenzari
Cheibriados
Dithmenos
Gozag
Hepliaklqana
Kikubaaqudgha
Makhleb
Nemelex Xobeh
Okawaru
Qazlal
Ru
Sif Muna
Trog
Uskayaw
Vehumet
Wu Jian
Xom
Yredelemnul

Shops:
D:6 *   D:9 ?


Innate Abilities, Weirdness & Mutations

You have a pair of antennae on your head.
You are mostly covered in large bone plates. (SH +6)
You sometimes emit foul miasma when damaged in melee.
You are mostly covered in sharp spines.
Your flesh is cold resistant. (rC+)
Your muscles are strong. (Str +4, Int/Dex -1)
You occasionally lose the ability to read scrolls when taking damage.


Message History

You are confused.
You feel invigorated.
The orc warrior is engulfed in dark miasma.
The orc warrior looks even sicker.
The orc warrior hits you with a +0 broad axe.
* * * LOW HITPOINT WARNING * * *
The orc warrior is engulfed in dark miasma.
The orc warrior is poisoned.
The orc warrior is struck by your spines.
The orc warrior hits you with a +0 war axe.
* * * LOW HITPOINT WARNING * * *
The orc warrior is struck by your spines.
The orc warrior misses you.
The kobold brigand is struck by your spines.
The kobold brigand barely misses you.
You feel better.
You feel less invigorated.
The orc warrior is engulfed in dark miasma.
The orc warrior looks as sick as possible!
The orc warrior is struck by your spines.
The orc warrior hits you with a +0 broad axe!
* * * LOW HITPOINT WARNING * * *
The orc warrior is engulfed in dark miasma.
The orc warrior looks even sicker.
The orc warrior seems to slow down.
You kill the orc warrior!
You block the orc warrior's attack. The kobold brigand misses you.
You open the lid... ...and a juvenile stingfire beast leaps out!
The box is emptied!
The orc warrior is engulfed in dark miasma.
The orc warrior looks as sick as possible!
The orc warrior seems to slow down.
You kill the orc warrior!
You block the kobold brigand's attack. You block the orc warrior's attack.
Training target 5.0 for Evocations reached!
Your Evocations skill increases to level 5!
You need to enable at least one skill for training.
The orc warrior attacks as you move away!
The orc warrior hits you with a +0 war axe!
You die...
Your body crumbles into a pile of gold.

####._.####
###./?.(.?:.###
##.............#
#...............
#...............
#.............
#..$oo....# #@K.#
###○### ##..H..##
#...8...# #∩)....∩#
##...).##
####'''####
##~.......~##
###~~.......~~#####


You could see 2 orc warriors, a kobold brigand (ally target) and a friendly
juvenile stingfire beast (summoned).

Vanquished Creatures
  A hornet (D:9)
  Prince Ribbit (D:5)
  3 wyverns (D:9)
  10 yaks
  2 water moccasins
  2 ice beasts
  5 orc warriors
  A black bear (D:6)
  An ogre (D:6)
  3 centaurs
  A bullfrog (D:7)
  7 kobold brigands
  A gnoll sergeant (D:7)
  A necrophage (D:7)
  Blork the orc (D:5)
  4 scorpions
  19 wights
  4 killer bees (D:9)
  2 electric eels (D:9)
  3 jellies
  5 hounds
  3 orc priests
  7 iguanas
  10 orc wizards
  5 gnolls
  8 adders
  A shadow imp (D:7)
  A white imp (D:6)
  3 dart slugs
  23 orcs
  6 bats
  13 endoplasms
  2 giant cockroaches (D:2)
  8 hobgoblins
  5 jackals
  6 quokkas
  6 ball pythons
  3 frilled lizards
  3 goblins
  21 kobolds
  6 rats
217 creatures vanquished.

Vanquished Creatures (collateral kills)
  An orc wizard (D:6)
1 creature vanquished.

Vanquished Creatures (others)
  6 plants (D:9)
6 creatures vanquished.

Grand Total: 224 creatures vanquished

Notes
Turn   | Place    | Note
-------+----------+-------------------------------------------
     0 | D:1      | Newt the Demonspawn Gladiator began the quest for the Orb.
     0 | D:1      | Reached XP level 1. HP: 16/16 MP: 1/1
   589 | D:1      | Reached skill level 1 in Stealth
   636 | D:1      | Gained mutation: You are partially covered in sharp spines.
                  | [demonic ancestry]
   636 | D:1      | Reached XP level 2. HP: 14/22 MP: 2/2
  1149 | D:1      | Found a faded altar of an unknown god.
  1216 | D:2      | Gained mutation: You are partially covered in large bone
                  | plates. (SH +4) [demonic ancestry]
  1216 | D:2      | Reached XP level 3. HP: 28/28 MP: 3/3
  2063 | D:3      | Reached XP level 4. HP: 23/37 MP: 4/4
  2764 | D:4      | Gained mutation: You have a pair of small antennae on your
                  | head. [demonic ancestry]
  2764 | D:4      | Reached XP level 5. HP: 20/42 MP: 5/5
  3254 | D:4      | Gained mutation: You have a pair of antennae on your head.
                  | [demonic ancestry]
  3254 | D:4      | Reached XP level 6. HP: 43/48 MP: 6/6
  3396 | D:4      | Reached skill level 5 in Throwing
  3661 | D:5      | Entered Level 5 of the Dungeon
  3727 | D:5      | Reached skill level 1 in Long Blades
  3828 | D:5      | Reached skill level 2 in Long Blades
  3868 | D:5      | Noticed Prince Ribbit
  3881 | D:5      | Killed Prince Ribbit
  3882 | D:5      | Reached skill level 3 in Long Blades
  3882 | D:5      | Reached skill level 4 in Long Blades
  3882 | D:5      | Gained mutation: You may rarely emit foul miasma when
                  | damaged in melee. [demonic ancestry]
  3882 | D:5      | Reached XP level 7. HP: 37/54 MP: 7/7
  4176 | D:5      | Reached skill level 5 in Long Blades
  4341 | D:5      | Noticed Blork the orc
  4353 | D:5      | Killed Blork the orc
  4442 | D:6      | Reached skill level 1 in Armour
  4442 | D:6      | Gained mutation: You are mostly covered in large bone
                  | plates. (SH +6) [demonic ancestry]
  4442 | D:6      | Reached XP level 8. HP: 40/60 MP: 8/8
  4594 | D:6      | Found Ryfer's Gadget Gallery.
  4981 | D:6      | Reached skill level 5 in Fighting
  5110 | D:6      | Reached skill level 6 in Long Blades
  5535 | D:7      | Gained mutation: You are mostly covered in sharp spines.
                  | [demonic ancestry]
  5535 | D:7      | Reached XP level 9. HP: 60/69 MP: 9/9
  5619 | D:7      | Reached skill level 7 in Long Blades
  5889 | D:7      | Found a staircase to the Ecumenical Temple.
  5960 | Temple   | Entered the Ecumenical Temple
  6141 | Temple   | Became a worshipper of Gozag Ym Sagoz the Greedy
  6238 | D:7      | Reached skill level 8 in Long Blades
  6560 | D:8      | Reached skill level 9 in Long Blades
  6566 | D:8      | HP: 1/69 [yak (4)]
  7194 | D:8      | Found a staircase to the Lair.
  7263 | D:8      | Reached skill level 1 in Shields
  7515 | D:6      | Bought a box of beasts for 520 gold pieces
  8130 | D:9      | Gained mutation: You sometimes emit foul miasma when
                  | damaged in melee. [demonic ancestry]
  8130 | D:9      | Reached XP level 10. HP: 76/76 MP: 10/10
  8258 | D:9      | Found Goras's Magic Scroll Shop.
  8475 | D:9      | Reached skill level 5 in Shields
  8786 | D:9      | Found a bloodstained altar of Trog.
  8954 | D:9      | Bought a scroll of identify for 34 gold pieces
  8954 | D:9      | Bought a scroll of identify for 34 gold pieces
  8957 | D:9      | Gained mutation: Your flesh is cold resistant. (rC+)
                  | [potion of mutation]
  8957 | D:9      | Gained mutation: You occasionally lose the ability to read
                  | scrolls when taking damage. [potion of mutation]
  8957 | D:9      | Gained mutation: Your muscles are strong. (Str +4, Int/Dex
                  | -1) [potion of mutation]
  9047 | D:10     | Entered Level 10 of the Dungeon
  9047 | D:10     | Found a flagged portal.
  9074 | D:10     | Reached skill level 1 in Evocations
  9160 | D:10     | Identified the +7 hand axe of Youthful Indiscretion {flame,
                  | *Rage rPois Will++ Str+4}
  9163 | Bailey   | Entered a bailey
  9258 | Bailey   | Identified the +1 sling "Giant's Nightmare" {freeze, Fly
                  | MP+9 Str-3 Dex+8}
  9264 | Bailey   | Found an iron altar of Okawaru.
  9278 | Bailey   | Reached skill level 5 in Evocations
  9278 | Bailey   | Slain by an orc warrior

Illustrated notes

Levels and vault maps discovered:
D:1:      nagdon_arrival_double_spiral, layout_rooms,
          dreamdust_ecumenical_altar_hidden_monk_grotto, due_unseen_surprise
D:2:      layout_loops_ring
D:3:      layout_rooms, uniq_crazy_yiuf_cottage
D:4:      layout_basic
D:5:      layout_loops_ring, uniq_prince_ribbit1, uniq_blork_the_orc
D:6:      layout_loops_corners, chequers_jeans, nicolae_shop_gadgets
D:7:      layout_layer_cave, minmay_temple_entry_drinking_statues,
          minmay_a_box_with_orc_wizards_in_it
D:8:      layout_basic, dpeg_oklobed_lair
D:9:      layout_long_grid, mainiacjoe_overflow_alcove_2, serial_bayou_pond_b,
          nicolae_inconvenience_store
D:10:     layout_cross, mainiacjoe_overflow_catwalk,
          kennysheep_orc_monster_closet_entryway, enter_bailey_2,
          serial_gnoll_camp, gnoll_camp_mini_basic, gnoll_camp_mini_shop,
          gnoll_camp_medium_01, gnoll_camp_mini_shop
Temple:   nicolae_temple_bog_church
Bailey:   bailey_axe_3, bailey

Skill      XL: |  1  2  3  4  5  6  7  8  9 10 |
---------------+-------------------------------+-----
Stealth        | 2 |  2.0
Fighting       | 3 4 6 |  6.1
Throwing       | 2 4 5 |  5.0
Long Blades    | 4 5 6 9 |  9.8
Armour         | 1 4 |  4.0
Shields        | 2 6 |  6.0
Evocations     | 5 |  5.0
Short Blades   | |  2.6
Dodging        | |  2.6

Action                   |  1- 3 |  4- 6 |  7- 9 | 10-12 || total
-------------------------+-------+-------+-------+-------++-------
Melee: Rapier            |   108 |   119 |       |       ||   227
       Falchion          |       |     8 |    66 |   177 ||   251
       Punch             |       |     1 |     2 |       ||     3
       Scimitar          |       |       |    40 |       ||    40
       Short sword       |       |       |    23 |       ||    23
       Great sword       |       |       |    85 |       ||    85
Throw: Dart              |     3 |     4 |       |     7 ||    14
       Javelin           |     1 |     1 |     1 |       ||     3
       Throwing net      |       |       |     1 |       ||     1
Evoke: Box of beasts     |       |       |       |     1 ||     1
  Use: Scroll            |    10 |     6 |     4 |     4 ||    24
       Potion            |       |       |     1 |     3 ||     4
 Stab: Sleeping          |     5 |     5 |       |       ||    10
       Held in net/web   |       |       |     1 |       ||     1
Armor: Leather armour    |    15 |    16 |       |       ||    31
       Scale mail        |       |     7 |    57 |    22 ||    86
Dodge: Dodged            |    70 |    71 |   115 |    61 ||   317
Block: Other             |    13 |    25 |    55 |       ||    93
       Kite shield       |       |       |    18 |   162 ||   180

Table legend: (Time is in decaauts)
 A = Elapsed time spent in this place.
 B = Non-inter-level travel time spent in this place.
 C = Inter-level travel time spent in this place.
 D = Time resting spent in this place.
 E = Time spent auto-exploring this place.
 F = Levels seen in this place.
 G = Mean time per level.
                   A        B        C        D        E       F      G
               +--------+--------+--------+--------+--------+-----+--------+
         Total |   9324 |   8709 |    615 |   1792 |   5387 |  12 |  777.0 |
       Dungeon |   9007 |   8418 |    589 |   1792 |   5191 |  10 |  900.7 |
        Temple |    201 |    175 |     26 |      0 |    160 |   1 |  201.0 |
        Bailey |    115 |    115 |      0 |      0 |     34 |   1 |  115.0 |
               +--------+--------+--------+--------+--------+-----+--------+

Top non-repeatable levels by time:
     D:7: 1332 daAuts
     D:1: 1188 daAuts
     D:6: 1148 daAuts
     D:9: 1056 daAuts
     D:4: 1015 daAuts
     D:8: 913 daAuts
     D:2: 844 daAuts
     D:5: 768 daAuts
     D:3: 626 daAuts
  Temple: 201 daAuts
  Bailey: 115 daAuts
    D:10: 114 daAuts
